Map: Lerilak Crest

Players

LilDicky

  • Race: Terran Terran
  • League: Diamond

Dump - Winner!

  • Race: Terran Terran
  • League: Platinum

VOD

http://www.twitch.tv/tumescentpie

Description

Time

  • Played on: Dec. 26, 2015, 11:57 p.m.
  • Length: 5:48
Show
View Real Time Build Order
Export as new Build Order

LilDicky Terran 

Build Orders: Liberator Opening 

Get SALT Encoding   

  12  0:01  SCV  
  13  0:15  SCV  
  13  0:17  Supply Depot  
  14  0:30  SCV  
  15  0:42  SCV  
  16  0:43  Barracks  
  16  0:54  SCV  
  17  0:59  Refinery  
  17  1:00  Refinery  
  17  1:06  SCV  
  18  1:19  SCV  
  19  1:31  Supply Depot, SCV  
  20  1:37  Marine  
  21  1:46  Orbital Command  
  21  1:53  Factory  
  21  1:55  Marine  
  22  2:11  SCV  
  22  2:13  Marine  
  24  2:24  SCV  
  25  2:36  SCV  
  26  2:42  Factory Tech Lab  
  26  2:43  Starport  
  25  2:48  SCV, Marine  
  27  3:00  Siege Tank  
  27  3:01  SCV  
  27  3:04  Liberator  
  31  3:05  Supply Depot  
  31  3:21  Marine  
  31  3:22  SCV  
  31  3:26  Supply Depot  
  36  3:29  Engineering Bay  
  36  3:34  SCV  
  37  3:40  Siege Tank  
  40  3:46  SCV  
  41  4:01  Marine  
  42  4:03  Missile Turret  
  42  4:09  Viking  
  44  4:19  Marine  
  45  4:27  Siege Tank  
  45  4:28  SCV  
  49  4:36  Marine  
  49  4:54  Marine  
Show
View Real Time Build Order
Export as new Build Order

Dump Terran - Winner!

Build Orders: Reaper Expand 

Get SALT Encoding   

  12  0:00  SCV  
  13  0:13  SCV  
  14  0:25  SCV  
  14  0:26  Supply Depot  
  15  0:48  SCV  
  16  0:50  Barracks  
  16  1:00  SCV  
  17  1:08  Refinery  
  17  1:15  Barracks  
  17  1:18  SCV  
  19  1:37  Marine, Orbital Command  
  19  1:54  Command Center  
  19  1:59  Reaper  
  20  2:02  Marine  
  20  2:06  SCV  
  22  2:20  Reaper  
  23  2:24  Supply Depot  
  23  2:46  SCV, Reaper  
  25  2:52  Barracks  
  25  2:54  Supply Depot  
  25  2:55  Barracks  
  25  2:58  SCV, Reaper  
  27  3:07  Orbital Command  
  27  3:10  SCV  
  28  3:18  Reaper  
  29  3:22  SCV  
  30  3:34  SCV  
  30  3:41  Barracks Tech Lab  
  30  3:42  Barracks Tech Lab, Orbital Command  
  30  3:52  Marine  
  31  3:57  Marine  
  31  3:59  Marine  
  33  4:03  Refinery  
  33  4:09  Marauder  
  35  4:24  Marauder, Marine x2  
  35  4:27  Engineering Bay  
  39  4:39  Marine  
  40  4:46  Marauder  
  40  4:47  SCV x2  
  40  4:51  Engineering Bay  
  44  4:57  Missile Turret, Marauder  
  42  5:12  Marine x3  
  40  5:18  Marine  
Tags
 
Add a new tag
Caveats
  • Supply blocks, unpowered buildings, or Contaminate may cause inaccurate times.
  • Supply counts are checked every 10 seconds.